 Dungeon Crawl Stone Soup version 0.30-b1-2-g02819fbbbe (webtiles) character file.

Game seed: 12568473124854291339

204776 Subbak the Cruncher (level 19, -13/188 (196) HPs)
             Began as an Ogre Cinder Acolyte on Oct 3, 2023.
             Was the Champion of Cheibriados.
             Killed from afar by a ghostly orc sorcerer (25 damage)
             ... with a bolt of negative energy
             ... led by an orc high priest
             ... on level 3 of the Elven Halls on Oct 4, 2023.
             The game lasted 03:15:47 (31458 turns).

Subbak the Cruncher (Ogre Cinder Acolyte)          Turns: 31458, Time: 03:15:49

HP:   -13/188 (196) AC: 14    Str: 38    XL:     19   Next: 9%
MP:   6/46          EV:  8    Int: 51    God:    Cheibriados [******]
Gold: 722           SH: 17    Dex: 19    Spells: 6/44 levels left

rFire   . . .        a - staff of cold
rCold   + . .        v - +1 kite shield {reflect}
rNeg    . . .        V - +4 troll leather armour
rPois   +            W - +3 hat of Pondering {ponderous, Will+ MP+10 Int+5}
rElec   .            n - +0 cloak
rCorr   +            (gloves unavailable)
SInv    .            (boots unavailable)
Will    ++++.        g - amulet of the Leaf {Reflect *Slow Will++ Int+4 SH+5}
Stlth   +            w - ring of Yjaos {rPois rCorr}
HPRegen 1.31/turn    S - +6 ring of intelligence
MPRegen 0.30/turn

%: slow self (1%), reflection
@: studying Ice Magic, lightly drained, very slow
A: large, unfitting armour, tough skin 1, MP-powered wands
a: Renounce Religion, Bend Time, Temporal Distortion, Slouch, Step From Time


You were on level 3 of the Elven Halls.
You worshipped Cheibriados.
Cheibriados was exalted by your worship.
You visited 5 branches of the dungeon, and saw 26 of its levels.
You also visited: Bailey and Ice Cave.

You collected 2920 gold pieces.
You spent 2198 gold pieces at shops.

Inventory:

Missiles
 s - 3 boomerangs of dispersal
 B - 14 large rocks (quivered)
 D - 23 poisoned darts
 O - 14 boomerangs
 T - a throwing net
 Y - 6 curare-tipped darts
Armour
 n - a +0 cloak (worn)
 v - a +1 kite shield of reflection (worn)
 V - a +4 troll leather armour (worn)
 W - the +3 hat of Pondering (worn) {ponderous, Will+ MP+10 Int+5}
   (You took it off Gastronok on level 9 of the Dungeon)

   Int:       It affects your intelligence (+5).
   MP:        It affects your magic capacity (+10).
   Will:      It increases your willpower.
Magical Staves
 a - a staff of cold (weapon)
 b - a staff of air
 z - the staff of air "Wuqeont" {Fragile Fly rElec rPois rCorr Str-5}
   (You took it off a deep elf demonologist on level 3 of the Elven Halls)

   [staff of air]

   Base accuracy: +5 Base damage: 5 Base attack delay: 1.2 This weapon's minimum
   attack delay (0.6) is reached at skill level 12.
   Str:       It affects your strength (-5).
   rElec:     It insulates you from electricity.
   rPois:     It protects you from poison.
   Fly:       It grants you flight.
   rCorr:     It protects you from acid and corrosion.
   Fragile:   It will be destroyed if unequipped.
   It falls into the 'Staves' category.
   It is a one-handed weapon.
 E - a staff of conjuration
 H - a staff of fire
Jewellery
 g - the amulet of the Leaf (around neck) {Reflect *Slow Will++ Int+4 SH+5}
   (You acquired it on level 4 of the Dungeon)

   [amulet of reflection]

   It reflects blocked missile attacks.
   Int:       It affects your intelligence (+4).
   *Slow:     It may slow you when you take damage.
   SH:        It affects your SH (+5).
   Will:      It greatly increases your willpower.
 t - an amulet of magic regeneration
 w - the ring of Yjaos (left hand) {rPois rCorr}
   (You bought it in a shop on level 2 of the Orcish Mines)

   [ring of resist corrosion]

   rPois:     It protects you from poison.
   rCorr:     It protects you from acid and corrosion.
 F - a ring of protection from cold
 K - a ring of positive energy
 S - a +6 ring of intelligence (right hand)
Wands
 j - a wand of quicksilver (7)
 q - a wand of roots (4)
 u - a wand of flame (24)
 x - a wand of charming (26)
 N - a wand of mindburst (10)
 R - a wand of digging (10)
Scrolls
 c - a scroll of enchant weapon
 d - a scroll of immolation
 f - 4 scrolls of fear
 h - a scroll of amnesia
 l - 9 scrolls of teleportation
 o - 4 scrolls of magic mapping
 p - 5 scrolls of summoning
 A - 2 scrolls of blinking
 G - 3 scrolls of silence
 J - 5 scrolls of fog
 X - 4 scrolls of poison
Potions
 e - 12 potions of curing
 i - 4 potions of might
 k - 4 potions of attraction
 m - 3 potions of brilliance
 r - 10 potions of heal wounds
 C - 3 potions of berserk rage
 L - 3 potions of flight
 M - 4 potions of ambrosia
 P - 5 potions of cancellation
 Q - a potion of magic


   Skills:
 - Level 13.6 Fighting
 - Level 3.1(8.8) Maces & Flails
 - Level 13.8(14.0) Staves
 - Level 6.0 Throwing
 + Level 8.3 Armour
 * Level 7.3 Shields
 + Level 13.0 Spellcasting
 + Level 11.8 Conjurations
 - Level 4.4 Hexes
 - Level 6.0 Summonings
 - Level 3.0 Translocations
 - Level 4.0 Fire Magic
 * Level 11.3 Ice Magic
 - Level 8.4 Air Magic
 - Level 4.5 Earth Magic
 - Level 4.0 Poison Magic
 - Level 8.0 Invocations


You had 6 spell levels left.
You knew the following spells:

 Your Spells              Type           Power      Damage    Failure   Level
a - Scorch                Fire           100%       2d9       1%          2
b - Mephitic Cloud        Conj/Pois/Air  86%        N/A       1%          3
c - Freezing Cloud        Conj/Ice/Air   59%        6-21      1%          5
d - Summon Ice Beast      Ice/Summ       100%       N/A       1%          4
e - Passage of Golubria   Tloc           59%        N/A       3%          4
f - Passwall              Tmut/Erth      45%        N/A       1%          2
g - Orb of Destruction    Conj           50%        9d13      7%          7
h - Cause Fear            Hex            34%        N/A       1%          4
i - Ozocubu's Refrigerat  Ice            61%        4d21      9%          7

Your spell library contained the following spells:

 Spells                   Type           Power      Damage    Failure   Level
 Searing Ray              Conj           100%       2d8       0%          2
 Necrotise                Necr           100%       1d9       1%          1
 Sandblast                Erth           100%       2d20      1%          1
 Ensorcelled Hibernation  Hex/Ice        100%       N/A       1%          2
 Momentum Strike          Conj/Tloc      100%       3d10      1%          2
 Poisonous Vapours        Pois/Air       100%       N/A       1%          2
 Frozen Ramparts          Ice            100%       1d16      1%          3
 Spider Form              Tmut/Pois      52%        N/A       1%          3
 Stone Arrow              Conj/Erth      100%       3d13      1%          3
 Summon Guardian Golem    Hex/Summ       72%        N/A       1%          3
 Ice Form                 Ice/Tmut       95%        N/A       1%          4
 Leda's Liquefaction      Hex/Erth       34%        N/A       1%          4
 Silence                  Hex/Air        39%        N/A       1%          5
 Vampiric Draining        Necr           33%        2d8       3%          3
 Anguish                  Hex/Necr       27%        N/A       4%          4
 Lee's Rapid Deconstruct  Erth           34%        3d17*     4%          5
 Simulacrum               Ice/Necr       47%        N/A       16%         6
 Agony                    Necr           33%        N/A       28%         5
 Statue Form              Tmut/Erth      36%        N/A       52%         6
 Spellforged Servitor     Conj/Summ      45%        N/A       22%         7
 Enfeeble                 Hex            34%        N/A       80%         7
 Lehudib's Crystal Spear  Conj/Erth      43%        10d10     94%         8
 Fire Storm               Conj/Fire      42%        8d11      100%        9
 Polar Vortex             Ice            61%        N/A       100%        9


Dungeon Overview and Level Annotations

Branches:
Dungeon (15/15)            Temple (1/1) D:4            Lair (5/5) D:9
  Swamp (0/4) Lair:3       Spider (0/4) Lair:2        Slime (0/5) Lair:5
    Orc (2/2) D:10            Elf (3/3) Orc:2        Vaults (0/5) D:14
 Depths (0/4) D:15         Bailey (visited)           IceCv (visited)

Altars:
Ashenzari
Cheibriados
Dithmenos
Elyvilon
Fedhas
Gozag
Hepliaklqana
Kikubaaqudgha
Makhleb
Nemelex Xobeh
Okawaru
Qazlal
Ru
Sif Muna
Trog
Uskayaw
Vehumet
Wu Jian
Xom
Yredelemnul
Zin
The Shining One
Lugonu

Shops:
D:8 *   Orc:2 ??(*   Elf:1 :

Portals:
Abyss: Lair:5
Trove: D:13 (show slimy rune of Zot)

Annotations:
Elf:2 3 runed translucent doors


Innate Abilities, Weirdness & Mutations

You are too large for most types of armour.
You have tough skin. (AC +1)
You expend magic power (3 MP) to strengthen your wands.


Message History

The deep elf zephyrmancer convulses!
You hear a shout!
Activating: Slouch (4% risk of failure)
Press: ? - help, Dir - look around, f - activate You can feel time thicken for a moment.
You kill the rust devil!
The rust devil disappears in a puff of smoke!
The lost soul assumes the form of the orc sorcerer and becomes anchored to this world!
You kill the deep elf elementalist!
Cheibriados thoroughly appreciates the change of pace.
You kill the deep elf death mage!
Cheibriados appreciates the change of pace.
You kill the deep elf high priest!
Cheibriados appreciates the change of pace.
You kill the deep elf zephyrmancer!
Cheibriados appreciates the change of pace.
You kill the deep elf demonologist!
Cheibriados appreciates the change of pace.
The Brimstone Fiend disappears in a puff of smoke!
The ghostly deep elf zephyrmancer points at you and mumbles some strange words.
The bolt of lightning hits you!!
* * * LOW HITPOINT WARNING * * *
The grasping roots constrict you!
* * * LOW HITPOINT WARNING * * *
You hear a shout! x2
Your Spellcasting skill increases to level 13!
Activating: Slouch (4% risk of failure)
Press: ? - help, Dir - look around, f - activate You can feel time thicken for a moment.
You destroy the ghostly deep elf death mage!
Cheibriados thoroughly appreciates the change of pace.
You kill the deep elf demonologist!
Cheibriados appreciates the change of pace.
You kill the orc warrior!
Cheibriados thoroughly appreciates the change of pace.
You destroy the ghostly deep elf zephyrmancer!
Cheibriados thoroughly appreciates the change of pace.
The ghostly orc sorcerer points at you and mumbles some strange words.
The bolt of negative energy hits you!!
You feel drained.
You die...

........#
........#
........#
..⌠.)...##
.).......##
.§........#
oeeee.).........#
oE.ee.e))†o§.@..#
eeee..).)#......#
#.o..e. ##.....#
....()( #.....#
##.(..))E ####..#
.e...##)# ..#
o.e# #.# #.# .###
#)# .# # #)#


You could see a deep elf annihilator (empowered) and a ghostly orc sorcerer
(empowered).

Vanquished Creatures
  2 deep elf master archers (Elf:3)
  2 deep elf blademasters (Elf:3)
  Roxanne (Elf:1)
  6 deep elf sorcerers
  4 deep elf elementalists (Elf:3)
  An ironbound preserver (D:14)
  An orc warlord (Orc:1)
  2 very ugly things (IceCv)
  Nessos (Orc:2)
  4 deep elf demonologists (Elf:3)
  Azrael (D:14)
  5 deep elf annihilators (Elf:3)
  7 deep elf death magi
  2 deep elf high priests (Elf:3)
  2 hydras
  An ice dragon (D:14)
  2 caustic shrike simulacra (IceCv)
  A catoblepas (Lair:3)
  6 centaur warriors
  A spriggan skeleton (D:15)
  4 boulder beetles
  9 dancing weapons
  3 tengu warriors
  Erica (D:8)
  4 two-headed ogres
  12 death yaks
  7 orc high priests
  A vampire mage (D:15)
  2 thrashing horrors (Lair:5)
  Sonja (Lair:2)
  4 skysharks
  13 deep elf knights
  7 skeletal warriors
  An orange crystal statue (IceCv)
  Pikel (D:7)
  11 deep elf archers
  11 orc knights
  A harpy (shapeshifter) (Lair:5)
  A necromancer (D:15)
  A fire giant zombie (D:15)
  27 deep elf zephyrmancers
  19 deep elf pyromancers
  4 oklob plants (D:14)
  A wolf spider (D:15)
  A frost giant zombie (D:15)
  4 cyclopes
  16 ugly things
  7 manticores
  Joseph (D:8)
  17 elephants
  9 centaur zombies (D:13)
  An ice statue (D:14)
  Maurice (D:13)
  2 smoke demons (Lair:5)
  A gargoyle (D:13)
  9 cane toads
  7 black mambas
  A torpor snail (Lair:4)
  Maggie (D:9)
  2 unseen horrors
  3 rime drakes
  Psyche (D:9)
  4 freezing wraiths
  An ice devil (D:9)
  3 tengu conjurers (D:15)
  5 komodo dragons
  A golden dragon simulacrum (IceCv)
  An ancient zyme (Lair:5)
  A red devil (D:9)
  3 meliai (D:13)
  7 trolls
  A polar bear (Lair:5)
  Prince Ribbit (D:7)
  A wolf spider simulacrum (D:14)
  10 dream sheep
  18 blink frogs
  34 slime creatures
  An air elemental (Elf:3)
  A jumping spider (Lair:2)
  2 spriggans (Lair:5)
  Sigmund (D:2)
  2 shadows (D:13)
  2 dire elephant simulacra (IceCv)
  3 wyverns
  9 wraiths
  81 yaks
  3 vampires (D:13)
  An ettin skeleton (D:15)
  2 ynoxinuls (Lair:5)
  3 water elementals
  7 fire elementals
  13 vampire mosquitoes
  6 basilisks
  A steam dragon (D:6)
  3 chaos spawn
  2 redbacks (Lair:2)
  A neqoxec (D:9)
  A harpy simulacrum (IceCv)
  2 large abominations (Lair:5)
  6 wargs
  A hydra simulacrum (IceCv)
  3 acid dragons
  15 water moccasins
  2 floating eyes (D:10)
  2 hell hounds (D:14)
  7 black bears
  An ice beast (D:8)
  42 orc warriors
  2 sky beasts (D:6)
  An ettin simulacrum (IceCv)
  7 ogres
  10 wolves
  5 boggarts (D:15)
  15 centaurs
  A phantom (D:5)
  4 kobold brigands
  An earth elemental (Elf:2)
  9 bullfrogs
  7 scorpions
  2 gnoll sergeants (D:10)
  14 wights
  6 killer bees
  2 electric eels (D:9)
  5 howler monkeys
  3 quasits (D:9)
  3 iron imps (D:4)
  8 hounds
  3 jellies
  A gnoll bouda (D:8)
  28 orc priests
  8 small abominations (Lair:5)
  7 iguanas
  6 hell rats (Lair:5)
  17 orc wizards
  10 gnolls
  7 adders
  2 shadow imps
  A white imp (D:8)
  2 ufetubi
  3 worms (D:3)
  4 dart slugs
  126 orcs
  5 ball pythons
  6 endoplasms
  2 giant cockroaches
  4 goblins
  5 hobgoblins
  6 jackals
  5 quokkas
  3 bats
  2 frilled lizards (D:2)
  14 kobolds
  5 rats
  A butterfly (Lair:5)
987 creatures vanquished.

Vanquished Creatures (collateral kills)
  Gastronok (D:9)
  A deep elf zephyrmancer (Elf:1)
  2 deep elf pyromancers (Elf:1)
  5 fire elementals
  An orc warrior (Orc:2)
  A gnoll (D:8)
11 creatures vanquished.

Vanquished Creatures (others)
  A deep elf zephyrmancer (Elf:2)
  A deep elf pyromancer (Elf:1)
  A floating eye (D:14)
  An electric eel (D:9)
  2 demonic plants (D:9)
  39 foxfires
  33 fungi
  64 plants
  9 withered plants (D:15)
151 creatures vanquished.

Grand Total: 1149 creatures vanquished

Notes
Turn   | Place    | Note
-------+----------+-------------------------------------------
     0 | D:1      | Subbak the Ogre Cinder Acolyte began the quest for the Orb.
     0 | D:1      | Reached XP level 1. HP: 24/24 MP: 2/2
   114 | D:1      | Reached XP level 2. HP: 26/32 MP: 4/4
   117 | D:1      | Learned a level 2 spell: Scorch
   319 | D:1      | Found a faded altar of an unknown god.
   382 | D:1      | Reached XP level 3. HP: 34/39 MP: 5/5
   656 | D:2      | Noticed Sigmund
   757 | D:1      | Reached skill level 1 in Staves
  1001 | D:2      | Reached XP level 4. HP: 44/49 MP: 4/7
  1238 | D:2      | Killed Sigmund
  1239 | D:2      | Reached skill level 5 in Fighting
  1239 | D:2      | Reached XP level 5. HP: 50/57 MP: 0/9
  1617 | D:3      | Reached XP level 6. HP: 65/66 MP: 10/10
  1738 | D:3      | Found a glowing golden altar of the Shining One.
  2148 | D:3      | Found a hazy altar of Hepliaklqana.
  3187 | D:4      | Noticed a black bear
  3246 | D:4      | Reached XP level 7. HP: 73/74 MP: 3/12
  3420 | D:4      | Found a shadowy altar of Dithmenos.
  3472 | D:4      | Found a burning altar of Makhleb.
  3504 | D:4      | Identified 2 scrolls of acquirement
  3507 | D:4      | Acquired the amulet of the Leaf {Reflect *Slow Will++ Int+4
                  | SH+5}
  3509 | D:4      | Acquired the +5 lajatang "Vioteq" {elec, Dex+2}
  3718 | D:4      | Found a sacrificial altar of Ru.
  3762 | D:4      | Found a staircase to the Ecumenical Temple.
  3774 | Temple   | Entered the Ecumenical Temple
  4135 | D:5      | Entered Level 5 of the Dungeon
  4177 | D:5      | Reached skill level 5 in Staves
  4185 | D:5      | Reached XP level 8. HP: 61/84 MP: 14/14
  4193 | D:5      | Reached skill level 5 in Spellcasting
  4922 | D:6      | Reached XP level 9. HP: 96/96 MP: 14/17
  5124 | D:6      | Learned a level 3 spell: Mephitic Cloud
  5186 | D:6      | Found a hide-covered altar of Uskayaw.
  5379 | D:6      | Reached skill level 1 in Conjurations
  5379 | D:6      | Reached skill level 1 in Air Magic
  5379 | D:6      | Reached skill level 1 in Poison Magic
  5768 | D:7      | Noticed Pikel
  5778 | D:7      | Killed Pikel
  6163 | D:7      | Reached XP level 10. HP: 106/107 MP: 20/20
  6279 | D:7      | Found an ancient bone altar of Kikubaaqudgha.
  6579 | D:7      | Noticed Prince Ribbit
  6589 | D:7      | Killed Prince Ribbit
  6861 | D:7      | Found a snail-covered altar of Cheibriados.
  6941 | D:8      | Found an iron altar of Okawaru.
  7024 | D:8      | Noticed a manticore
  7029 | D:8      | Noticed Joseph
  7102 | D:8      | Found a flagged portal.
  7111 | Bailey   | Entered a bailey
  7311 | Bailey   | Noticed an orc knight
  7338 | Bailey   | Killed an orc knight
  7633 | D:8      | Noticed Erica
  7662 | D:8      | Killed Erica
  7916 | D:8      | Noticed a white ugly thing
  7926 | D:8      | Killed a white ugly thing
  7927 | D:8      | Reached skill level 10 in Fighting
  8039 | D:8      | Killed Joseph
  8040 | D:8      | Reached XP level 11. HP: 79/115 MP: 22/22
  8162 | D:8      | Found Ymaevven's Assorted Antiques.
  8169 | D:8      | Bought a lumpy orange potion for 27 gold pieces
  8169 | D:8      | Bought a shiny troll leather armour for 558 gold pieces
  8202 | D:8      | Killed a manticore
  8887 | D:9      | Noticed Gastronok
  8897 | D:9      | Killed Gastronok
  8898 | D:9      | Reached skill level 10 in Staves
  8898 | D:9      | Reached skill level 1 in Armour
  8996 | D:9      | Noticed Maggie
  9007 | D:9      | Killed Maggie
  9208 | D:7      | Fell from the grace of Ignis
  9208 | D:7      | Became a worshipper of Cheibriados the Contemplative
  9321 | D:9      | Found an opulent altar of Gozag.
  9325 | D:9      | Gained mutation: You have hidden genetic defects. [a
                  | neqoxec]
  9581 | D:9      | Reached * piety under Cheibriados
  9805 | D:9      | Gained mutation: You occasionally lose the ability to drink
                  | potions when taking damage. [hidden defects]
  9846 | D:9      | Found a staircase to the Lair.
  9846 | D:9      | Noticed a two-headed ogre
  9855 | D:9      | Killed a two-headed ogre
  9880 | D:9      | Reached skill level 5 in Conjurations
 10172 | D:9      | Learned a level 5 spell: Freezing Cloud
 10342 | D:9      | Reached ** piety under Cheibriados
 10457 | D:9      | Gained mutation: You are frail. (-10% HP) [hidden defects]
 10457 | D:9      | Lost mutation: You have hidden genetic defects. [hidden
                  | defects expressed]
 10459 | D:9      | Reached skill level 1 in Ice Magic
 10459 | D:9      | Reached skill level 5 in Air Magic
 10461 | D:9      | Reached XP level 12. HP: 103/117 MP: 22/24
 10569 | D:9      | Found a glowing silver altar of Zin.
 10614 | D:9      | Found a stormy altar of Qazlal.
 10757 | D:9      | You fall into a shaft and drop 3 floors!
 11041 | D:11     | Noticed a two-headed ogre
 11045 | D:11     | Noticed a two-headed ogre
 11049 | D:11     | Killed a two-headed ogre
 11051 | D:11     | Killed a two-headed ogre
 11183 | D:10     | Entered Level 10 of the Dungeon
 11183 | D:10     | Found a shimmering altar of Xom.
 11200 | D:10     | Reached *** piety under Cheibriados
 11244 | D:10     | Found a staircase to the Orcish Mines.
 11337 | D:9      | Noticed Psyche
 11348 | D:9      | Killed Psyche
 11570 | D:9      | Lost mutation: You are frail. (-10% HP) [potion of
                  | mutation]
 11570 | D:9      | Lost mutation: You occasionally lose the ability to drink
                  | potions when taking damage. [potion of mutation]
 11570 | D:9      | Gained mutation: You expend magic power (3 MP) to
                  | strengthen your wands. [potion of mutation]
 11700 | Lair:1   | Entered Level 1 of the Lair of Beasts
 11948 | Lair:1   | Noticed a skyshark
 11961 | Lair:1   | Killed a skyshark
 11961 | Lair:1   | Reached **** piety under Cheibriados
 12237 | Lair:1   | Reached skill level 1 in Throwing
 12386 | Lair:1   | Reached ***** piety under Cheibriados
 12434 | Lair:1   | You fall into a shaft and drop 1 floor!
 12497 | Lair:2   | Noticed a skyshark
 12506 | Lair:2   | Killed a skyshark
 12875 | Lair:1   | Was forgiven by Ignis
 12881 | Lair:1   | HP: 4/131 [fire elemental[the fiery vengeance of Ignis]
                  | (9)]
 13019 | D:8      | Bought a scroll of identify for 62 gold pieces
 13213 | D:10     | Noticed a two-headed ogre
 13224 | D:10     | Killed a two-headed ogre
 13225 | D:10     | Reached skill level 5 in Armour
 13225 | D:10     | Reached XP level 13. HP: 138/139 MP: 26/26
 13382 | D:10     | Reached skill level 1 in Invocations
 13388 | D:10     | Paralysed by a floating eye for 3 turns
 13479 | D:10     | Found an ornate altar of the Wu Jian Council.
 14311 | D:11     | Learned a level 4 spell: Summon Ice Beast
 14884 | D:11     | Learned a level 4 spell: Passage of Golubria
 15088 | Lair:2   | Reached skill level 1 in Translocations
 15128 | Lair:2   | Reached skill level 1 in Summonings
 15200 | Lair:2   | Reached ****** piety under Cheibriados
 15325 | Lair:2   | Noticed Sonja
 15330 | Lair:2   | Killed Sonja
 15898 | Lair:2   | Found a hole to the Spider Nest.
 16154 | Lair:3   | Reached skill level 10 in Spellcasting
 16316 | Lair:3   | Reached XP level 14. HP: 139/149 MP: 28/28
 16602 | Lair:3   | Reached skill level 5 in Invocations
 17058 | Lair:3   | Found a staircase to the Swamp.
 17734 | Lair:4   | Reached skill level 5 in Ice Magic
 17889 | Lair:4   | Learned a level 2 spell: Passwall
 17897 | Lair:4   | Learned a level 7 spell: Orb of Destruction
 18215 | Lair:5   | Entered Level 5 of the Lair of Beasts
 18359 | Lair:5   | Reached skill level 1 in Earth Magic
 18596 | Lair:5   | Identified the staff of poison "Iwki" {rPois rC+}
 18754 | Lair:5   | Found a staircase to the Slime Pits.
 18833 | Lair:5   | Reached XP level 15. HP: 144/157 MP: 29/29
 19929 | Lair:5   | Found a corrupted altar of Lugonu.
 19929 | Lair:5   | Found a one-way gate to the infinite horrors of the Abyss.
 20128 | Orc:1    | Entered Level 1 of the Orcish Mines
 20128 | Orc:1    | Noticed an orc warlord
 20150 | Orc:1    | Killed an orc warlord
 20656 | Orc:2    | Entered Level 2 of the Orcish Mines
 20872 | Orc:2    | Noticed Nessos
 20888 | Orc:2    | Killed Nessos
 21393 | Orc:2    | Found a staircase to the Elven Halls.
 21697 | Orc:2    | Found Xygru's Weapon Emporium.
 21697 | Orc:2    | Found Fusagiaz's Assorted Antiques.
 21698 | Orc:2    | Found Hiloasuo's Magic Scroll Emporium.
 21698 | Orc:2    | Found Vevu's Magic Scroll Shoppe.
 21706 | Orc:2    | Bought a scroll of poison for 56 gold pieces
 21709 | Orc:2    | Bought a scroll of fog for 60 gold pieces
 21711 | Orc:2    | Bought a smoking wooden ring for 175 gold pieces
 21711 | Orc:2    | Identified the ring of Yjaos {rPois rCorr} (You bought it
                  | in a shop on level 2 of the Orcish Mines)
 21711 | Orc:2    | Bought a scroll labelled ORETAZYOWN for 35 gold pieces
 21711 | Orc:2    | Bought a fuming coppery potion for 31 gold pieces
 21723 | Orc:2    | Bought a scroll of identify for 28 gold pieces
 21723 | Orc:2    | Bought a scroll of identify for 28 gold pieces
 21723 | Orc:2    | Bought a scroll of identify for 28 gold pieces
 21723 | Orc:2    | Bought a scroll of identify for 28 gold pieces
 21723 | Orc:2    | Bought a scroll of fear for 56 gold pieces
 21723 | Orc:2    | Bought a scroll of fear for 56 gold pieces
 21727 | Orc:2    | Bought a scroll of fear for 60 gold pieces
 21732 | Orc:2    | Reached XP level 16. HP: 167/167 MP: 31/31
 21734 | Orc:2    | Bought a scroll of identify for 30 gold pieces
 21734 | Orc:2    | Bought a scroll of identify for 30 gold pieces
 22109 | Orc:2    | Learned a level 4 spell: Cause Fear
 22338 | D:12     | Reached skill level 5 in Summonings
 23164 | D:13     | Reached skill level 1 in Hexes
 23487 | D:13     | Reached XP level 17. HP: 74/176 MP: 27/32
 23747 | D:13     | Reached skill level 10 in Conjurations
 24045 | D:13     | Found a portal to a secret trove of treasure.
 24048 | D:13     | Noticed Maurice
 24058 | D:13     | Killed Maurice
 24135 | D:13     | Identified the +1 chain mail "Beshexoz" {rF+ rC- Int+4
                  | Slay+3}
 24453 | D:14     | Found a gate to the Vaults.
 24529 | D:14     | Found a blossoming altar of Fedhas.
 24602 | D:14     | Found a frozen archway.
 24616 | IceCv    | Entered an ice cave
 24712 | IceCv    | Found a transporter.
 24717 | IceCv    | Identified the +1 pair of gloves of Taqalon {Rampage Regen+
                  | Stlth-}
 24722 | IceCv    | Found a transporter.
 25523 | D:14     | Noticed Azrael
 25527 | D:14     | Killed Azrael
 26073 | D:15     | Entered Level 15 of the Dungeon
 26376 | D:15     | Reached skill level 1 in Shields
 27112 | D:15     | Found a staircase to the Depths.
 27935 | Elf:1    | Entered Level 1 of the Elven Halls
 27965 | Elf:1    | Reached skill level 5 in Throwing
 28097 | Elf:1    | Found Podoh's Book Emporium.
 28103 | Elf:1    | Bought a book of Ice for 850 gold pieces
 28175 | Elf:1    | Reached XP level 18. HP: 178/188 MP: 34/34
 28229 | Elf:1    | Noticed Roxanne
 28771 | Elf:1    | Learned a level 7 spell: Ozocubu's Refrigeration
 28786 | Elf:1    | Got the Handbook of Destruction
 29014 | Elf:1    | Killed Roxanne
 29248 | Elf:2    | Found a runed translucent gate.
 29405 | Elf:2    | Found a runed translucent gate.
 29406 | Elf:2    | Found a runed translucent gate.
 29424 | Elf:2    | Reached skill level 5 in Shields
 29900 | Elf:3    | Entered Level 3 of the Elven Halls
 30224 | Elf:3    | Identified the +2 leather armour "Dimubow" {rC+ Dex+3}
 30885 | Elf:3    | Reached skill level 10 in Ice Magic
 31116 | Elf:3    | Identified the staff of air "Wuqeont" {Fragile Fly rElec
                  | rPois rCorr Str-5}
 31116 | Elf:3    | Identified the +1 robe "Ovvom" {*Corrode Dex+3 Stlth+}
 31197 | Elf:3    | Identified the +6 battleaxe of the Mind {protect, rC+ rN+
                  | Int+4 Dex-5}
 31201 | Elf:3    | Identified the +2 arbalest of Judgement {drain, rElec Will-
                  | Dex+6}
 31202 | Elf:3    | Noticed a deep elf blademaster
 31204 | Elf:3    | Identified the +5 great mace "Coarch" {pain, Fly rPois
                  | Int-4}
 31204 | Elf:3    | Identified the amulet "Casah" {rElec Regen+}
 31206 | Elf:3    | Killed a deep elf blademaster
 31220 | Elf:3    | Noticed a deep elf master archer
 31227 | Elf:3    | Identified the +6 flail of Hockeroi {antimagic, rN+ Int-5
                  | SInv}
 31227 | Elf:3    | Noticed a deep elf master archer
 31227 | Elf:3    | Noticed a deep elf blademaster
 31438 | Elf:3    | Killed a deep elf blademaster
 31438 | Elf:3    | Killed a deep elf master archer
 31438 | Elf:3    | Paralysed by an air elemental for 1 turns
 31450 | Elf:3    | Reached XP level 19. HP: 124/196 MP: 7/35
 31452 | Elf:3    | Identified the +9 trident "Awuohoo" {drain, Int+2}
 31456 | Elf:3    | Noticed a Brimstone Fiend
 31458 | Elf:3    | Killed from afar by a ghostly orc sorcerer

Illustrated notes

Levels and vault maps discovered:
D:1:      ebering_hopf_link, layout_rooms,
          dreamdust_ecumenical_altar_angels_and_demons
D:2:      layout_basic, hex_intersection, fountainhead,
          kennysheep_generic_room_14, uniq_sigmund
D:3:      layout_loops_corners, amcnicky_altar_gilded,
          worldfamousw_hep_ancestral_shrine, serial_forest,
          infiniplex_forest_clump_double, infiniplex_forest_zigzag_1,
          infiniplex_forest_straight_2, infiniplex_forest_clump_tiny,
          infiniplex_forest_clump_double, infiniplex_forest_straight_1,
          infiniplex_forest_clump_small
D:4:      layout_basic, nicolae_ru_awakened_eye, demons_altar,
          mainiacjoe_overflow_brackets, lemuel_temple_firewalk_b, st_stairs_14
D:5:      layout_loops_cross
D:6:      layout_basic, lemuel_doored_altar, st_stairs_1,
          minmay_splitting_lines, kennysheep_small_circle
D:7:      layout_basic, kennysheep_little_box, kiku_gazebo_pond_becter,
          uniq_pikel, uniq_prince_ribbit1
D:8:      layout_loops_ring, mainiacjoe_overflow_24_doors, enter_bailey_8,
          serial_shops, nicolae_shop_just_a_little_nook, uniq_erica, uniq_joseph
D:9:      layout_long_grid, kennysheep_mini, mainiacjoe_overflow_two_lobes,
          erik_lair_island, serial_demonic, serial_demonic_f, serial_demonic_e,
          serial_demonic_d, serial_demonic_b, minmay_orc_keep, uniq_maggie,
          uniq_gastronok, uniq_psyche
D:10:     layout_roguey, nicolae_wu_jian_wuxing_cycle, dk_xom_monty_hall,
          hiddenorc1_lemuel, onia_ninara_cookie
D:11:     layout_basic, minmay_misc_feat_four_crosses
D:12:     layout_stronghold
D:13:     layout_stronghold, serial_undead, serial_undead_a, serial_undead_a,
          serial_undead_a, serial_undead_d, enter_trove_2, uniq_maurice
D:14:     layout_irregular_city, skrybe_vaults_entry_preservation,
          portal_ice_cave_entry_ice_statue_one, fedhas_altar_1, st_stairs_1,
          minmay_misc_feat_roman, disabler_island, uniq_azrael
D:15:     gammafunk_depths_entry_grave, layout_loops_ring
Temple:   nicolae_temple_colour_theory
Lair:1:   layout_regular_city
Lair:2:   layout_regular_city, spider_nest_entry_funnel_web, grunt_megastairs_3,
          uniq_sonja
Lair:3:   layout_chaotic_city, minmay_swamp_entry_worms
Lair:4:   layout_cellular_growth, grunt_megastairs_1
Lair:5:   hellmonk_lair_end_abyssal_woods, layout_regular_city, slime_entry_1,
          grunt_megastairs_4, lemuel_fruit_fields
Orc:1:    layout_diamond_mine
Orc:2:    st_orc_pillars, layout_caves, basic_altar, uniq_nessos
Elf:1:    layout_rooms, serial_shops, shop, minmay_elf_sorcery,
          grunt_ministairs_5, uniq_roxanne
Elf:2:    elven_hall_of_blades_hangedman_original
          [nicolae_blade_entry_area_security], layout_rooms
Elf:3:    elf_hall, layout_loops_ring

Skill      XL: |  1  2  3  4  5  6  7  8  9 10 11 12 13 14 15 16 17 18 19 |
---------------+----------------------------------------------------------+-----
Maces & Flails | 3 |  3.1
Fire Magic     | 3 4 |  4.0
Spellcasting   | 2 3 4 5 6 7 8 9 10 11 12 13 | 13.0
Staves         | 1 2 3 5 7 8 9 10 11 12 13 | 13.8
Fighting       | 5 6 8 9 10 11 12 13 | 13.6
Conjurations   | 2 4 5 6 7 8 9 11 | 11.8
Air Magic      | 2 3 5 6 7 8 |  8.4
Poison Magic   | 2 3 4 |  4.0
Armour         | 3 5 6 7 8 |  8.3
Ice Magic      | 1 3 4 5 6 7 11 | 11.3
Throwing       | 1 2 3 5 6 |  6.0
Invocations    | 4 7 8 |  8.0
Translocations | 3 |  3.0
Summonings     | 2 3 4 5 6 |  6.0
Earth Magic    | 1 3 4 |  4.5
Hexes          | 1 3 4 |  4.4
Shields        | 3 7 |  7.3

Action                     |  1- 3 |  4- 6 |  7- 9 | 10-12 | 13-15 | 16-18 | 19-21 || total
---------------------------+-------+-------+-------+-------+-------+-------+-------++-------
  Melee: Mace              |    42 |       |       |       |       |       |       ||    42
         Staff             |    30 |    98 |     8 |    26 |       |   262 |       ||   424
         Punch             |       |     1 |       |       |       |       |       ||     1
         Lajatang          |       |       |   152 |   386 |   541 |   245 |       ||  1324
  Throw: Dart              |       |       |       |     1 |       |       |       ||     1
         Boomerang         |       |       |       |       |     4 |    19 |       ||    23
         Javelin           |       |       |       |       |       |    12 |       ||    12
         Large rock        |       |       |       |       |       |     6 |     1 ||     7
   Cast: Scorch            |     6 |    44 |    40 |    69 |    19 |    20 |       ||   198
         Mephitic Cloud    |       |       |       |    13 |     2 |       |       ||    15
         Freezing Cloud    |       |       |       |    12 |   102 |    88 |       ||   202
         Summon Ice Beast  |       |       |       |       |     3 |     8 |       ||    11
         Orb of Destructio |       |       |       |       |     1 |    68 |       ||    69
         Passage of Golubr |       |       |       |       |       |     7 |       ||     7
         Ozocubu's Refrige |       |       |       |       |       |    30 |     3 ||    33
         Cause Fear        |       |       |       |       |       |     2 |       ||     2
 Invoke: Fiery Armour      |       |     1 |     1 |     3 |       |       |       ||     5
         Foxfire Swarm     |       |     1 |       |     2 |       |       |       ||     3
         Rising Flame      |       |       |       |     1 |       |       |       ||     1
         Bend Time         |       |       |       |     2 |       |       |       ||     2
         Slouch            |       |       |       |       |     4 |     6 |     2 ||    12
         Temporal Distorti |       |       |       |       |       |     1 |       ||     1
  Evoke: Wand              |       |       |       |     9 |       |     2 |       ||    11
    Use: Potion            |       |     1 |       |     9 |     1 |     3 |     1 ||    15
         Scroll            |       |       |    10 |     9 |    14 |    11 |     1 ||    45
   Stab: Confused          |       |       |       |     8 |     4 |       |       ||    12
         Sleeping          |       |       |       |       |     1 |       |       ||     1
         Distracted        |       |       |       |       |     1 |       |       ||     1
 Armour: Robe              |    22 |    33 |    58 |       |       |       |       ||   113
         Steam dragon scal |       |       |    10 |    53 |       |       |       ||    63
         Swamp dragon scal |       |       |       |    87 |       |       |       ||    87
         Troll leather arm |       |       |       |    84 |   228 |   159 |       ||   471
  Dodge: Dodged            |    39 |    65 |    75 |   211 |   210 |   140 |     1 ||   741
  Block: Other             |       |       |    29 |   106 |   132 |    49 |       ||   316
         Reflection        |       |       |     2 |     4 |     4 |    28 |       ||    38
         Kite shield       |       |       |       |       |       |   150 |       ||   150
